 Dungeon Crawl Stone Soup version 0.17.0-28-g6e173f8 (webtiles) character file.

126 dohliylev the Covert (level 4, 0/33 HPs)
             Began as a Vampire Assassin on Nov 23, 2015.
             Splashed by a jelly's acid (9 damage)
             ... on level 5 of the Dungeon.
             The game lasted 00:20:38 (2890 turns).

dohliylev the Covert (Vampire Assassin)             Turns: 2890, Time: 00:20:38

Health: 0/33       AC: -5    Str: 10    XL:     4   Next: 83%
Magic:  1/4        EV: 12    Int: 13    God:
Gold:   142        SH:  0    Dex: 16    Spells: 1 memorised, 2 levels left

rFire  . . .     SeeInvis +     a - +2 dagger
rCold  . . .     Clarity  .     c - +0 robe
rNeg   + + .     SustAt   +     (no shield)
rPois  .         Gourm    .     (no helmet)
rElec  .         Spirit   .     d - +0 cloak
rCorr  .         Warding  .     (no gloves)
rMut   .         Stasis   +     (no boots)
MR     .....                    u - amulet of stasis
Stlth  +++++.....               p - ring of sustain attributes
                                n - ring of positive energy

@: corroded equipment, not resistant to hostile enchantments, quite stealthy
A: fangs 3, see invisible, unbreathing
a: Bat Form


You were on level 5 of the Dungeon.
You were not thirsty.

You visited 1 branch of the dungeon, and saw 4 of its levels.

You collected 142 gold pieces.

Inventory:

Hand Weapons
 a - a +2 dagger (weapon)
 b - a +0 blowgun
Missiles
 e - 46 poisoned needles
 f - 2 curare-tipped needles
Armour
 c - a +0 robe (worn)
 d - a +0 cloak (worn)
Jewellery
 n - a ring of positive energy (left hand)
 p - a ring of sustain attributes (right hand)
 u - an amulet of stasis (around neck)
Scrolls
 h - 2 scrolls of teleportation {unknown}
 i - 4 scrolls of identify {unknown}
 j - 4 scrolls of remove curse {unknown}
 m - a scroll of random uselessness {unknown}
 q - a scroll of enchant weapon {unknown}
 r - a scroll of fear {unknown}
 t - a scroll of noise {unknown}
Potions
 g - 15 potions of blood
 k - a potion of might {unknown}
 l - a potion of cancellation {unknown}
 o - 2 potions of heal wounds {unknown}
 s - 3 potions of curing {unknown}
Books
 v - a Young Poisoner's Handbook

   Spells                             Type                      Level
   a - Sting                          Conjuration/Poison           1
   b - Cure Poison                    Poison                       2
   c - Mephitic Cloud                 Conjuration/Poison/Air       3
   d - Olgreb's Toxic Radiance        Poison                       4
   e - Venom Bolt                     Conjuration/Poison           5


   Skills:
 + Level 1.7 Fighting
 + Level 2.5 Short Blades
 + Level 1.7 Throwing
 + Level 1.7 Dodging
 + Level 9.0 Stealth


You had 2 spell levels left.
You knew the following spells:

 Your Spells              Type           Power        Failure   Level  Hunger
a - Sting                 Conj/Pois      #...         30%         1    ##.....


Dungeon Overview and Level Annotations

Branches:
Dungeon (5/15)
 Temple: D:4-7

Altars:
Elyvilon
Qazlal
Trog


Innate Abilities, Weirdness & Mutations

You have razor-sharp teeth.
You have supernaturally acute eyesight.
You can survive without breathing.


Message History

Press: ? - help, Shift-Dir - straight line, f/p - jelly
Aim: a jelly (lightly wounded, poisoned)
The sting hits the jelly.
The jelly completely resists.
The jelly is lightly wounded.
Drink which item? (? for menu, Esc to quit)
Okay, then.
Wield which item (- for none, * to show all)? (? for menu, Esc to quit)
a - a +2 dagger (weapon)
You hit the jelly.
Your hands burn!
The jelly is severely wounded.
You hit the jelly. The acid corrodes you!
Your hands burn!
Your bite misses the jelly.
The jelly is almost dead.
The jelly looks more healthy.
The jelly barely misses you.
You hit the jelly.
Your hands burn!
The jelly is almost dead.
The jelly hits you.
* * * LOW HITPOINT WARNING * * *
You are splashed with acid!
The acid corrodes you!
The acid burns!
You die...

......# .....# ....###
........ ..# ......# #.#
#.# ..#####.###
####.###.........#
#....J...........### .
#.#.#@#.#.#.#.#....#..
#.....................
##..)⌠...†.⌠...#.......
###......._.........#..##
#......⌠.(...⌠...##.# ..
#................# .#
#....#.#.#.#.#.#.# ..
.##.÷...........#...#
#...#####.##.[. .##


You could see a jelly.

Vanquished Creatures
  An orc priest (D:3)
  An adder (D:2)
  2 worms (D:3)
  7 orcs
  2 ball pythons
  5 bats
  11 hobgoblins
  6 jackals
  A quokka (D:2)
  3 giant cockroaches
  4 giant newts
  11 goblins
  5 kobolds
  7 rats
  2 bushes (D:1)
  2 plants (D:1)
70 creatures vanquished.

Vanquished Creatures (others)
  A bat (D:2)
1 creature vanquished.

Grand Total: 71 creatures vanquished

Notes
Turn   | Place    | Note
--------------------------------------------------------------
     0 | D:1      | dohliylev the Vampire Assassin began the quest for the Orb.
     0 | D:1      | Reached XP level 1. HP: 16/16 MP: 1/1
    44 | D:1      | Reached skill level 6 in Stealth
   199 | D:1      | Reached XP level 2. HP: 22/22 MP: 2/2
   410 | D:1      | Reached skill level 7 in Stealth
  1296 | D:2      | Reached XP level 3. HP: 12/27 MP: 3/3
  1532 | D:2      | Reached skill level 8 in Stealth
  1962 | D:2      | Found a bloodstained altar of Trog.
  2070 | D:2      | Found a stormy altar of Qazlal.
  2310 | D:3      | Reached XP level 4. HP: 29/33 MP: 4/4
  2806 | D:3      | You fall through a shaft for 2 floors!
  2806 | D:5      | Entered Level 5 of the Dungeon
  2823 | D:5      | Found a white marble altar of Elyvilon.
  2849 | D:5      | Reached skill level 9 in Stealth
  2867 | D:5      | Learned a level 1 spell: Sting
  2890 | D:5      | Splashed by a jelly's acid

Action                   |  1- 3 |  4- 6 || total
-------------------------+-------+-------++-------
Melee: Dagger            |   653 |    73 ||   726
 Fire: Blowgun           |    28 |     9 ||    37
 Cast: Sting             |       |     3 ||     3
  Use: Potion            |     2 |     1 ||     3
 Stab: Sleeping          |    23 |     8 ||    31
       Distracted        |     3 |       ||     3
  Eat: Corpse            |       |     1 ||     1
